[Event "*** Titled Tuesday Blitz"]
[Site "Chess.com"]
[Date "2018.12.04"]
[Round "5"]
[White "DenisQ"]
[Black "Alexander_Donchenko"]
[Result "0-1"]
[WhiteElo "2600"]
[BlackElo "2687"]
[TimeControl "180+2"]
[EndTime "14:05:23 PST"]
[Termination "Alexander_Donchenko won by resignation"]

1. Nf3 Nf6 2. g3 b6 3. Bg2 Bb7 4. O-O g6 5. c4 Bg7 6. Nc3 O-O 7. Re1 c5 8. b3 d5 9. cxd5 Nxd5 10. Bb2 Nc6 11. Qc1 Nc7 12. Rd1 Qd7 13. d3 e5 14. Ne4 Rad8 15. a3 a5 16. Ned2 Qe7 17. Nc4 b5 18. Ncd2 Ne6 19. Qb1 Rfe8 20. Rc1 Bh6 21.
Rc2 f6 22. Ne4 f5 23. Ned2 Bxd2 24. Rxd2 Ncd4 25. Bxd4 Nxd4 26. Nxd4 cxd4 27. Bxb7 Qxb7 28. Rc2 Rc8 29. Raa2 Rc3 30. b4 a4 31. Rxc3 dxc3 32.
Rc2 Rc8 33. Qa2+ Qf7 34. Qxf7+ Kxf7 35. f4 e4 0-1

[Event "*** Titled Tuesday Blitz"]
[Site "Chess.com"]
[Date "2018.12.04"]
[Round "5"]
[White "StanislavNovikov"]
[Black "Sigurbjorn"]
[Result "1-0"]
[WhiteElo "2481"]
[BlackElo "2491"]
[TimeControl "180+2"]
[EndTime "14:05:25 PST"]
[Termination "StanislavNovikov won by resignation"]

1. g3 d5 2. Bg2 c6 3. d3 Nf6 4. Nd2 Bg4 5. c3 Nbd7 6. Qc2 e5 7. Ngf3 Bd6 8. h3 Bxf3 9. Bxf3 O-O 10. O-O Qe7 11.
Bg2 Rfe8 12. e4 dxe4 13. dxe4 Bc5 14. b4 Bb6 15. Nc4 Bc7 16. a4 Nf8 17. a5 b5 18.
axb6 axb6 19. Be3 N6d7 20. h4 b5 21. Na5 Bxa5 22. bxa5 Ra6 23. c4 b4 24. c5 Rea8 25. Qc4 Rxa5 26. Rxa5 Rxa5 27. Qxb4 Rb5 28. Qa3 Nxc5 29.
Rc1 Nfe6 30. Bf1 Rb3 31. Qa8+ Qf8 32. Qxf8+ Kxf8 33. Bxc5+ Ke8 34. Be3 Rb2 35. Rxc6 Kd7 36. Ra6 Nd4 37. Bxd4 1-0

[Event "*** Titled Tuesday Blitz"]
[Site "Chess.com"]
[Date "2018.12.04"]
[Round "5"]
[White "gemarin"]
[Black "zeitnot2006"]
[Result "1-0"]
[WhiteElo "2036"]
[BlackElo "2064"]
[TimeControl "180+2"]
[EndTime "14:05:35 PST"]
[Termination "gemarin won on time"]

1. d4 Nf6 2. Nf3 d5 3. c4 c6 4.
Nc3 e6 5. e3 Nbd7 6. Bd3 dxc4 7. Bxc4 b5 8. Bd3 Bd6 9. O-O O-O 10. e4 e5 11. d5 b4 12. dxc6 bxc3 13. cxd7 Bxd7 14. bxc3 Rc8 15. Qb3 Be6 16. Qa4 Rxc3 17. Rd1 Qe7 18. Bb2 Rc5 19. Ba3 Rc7 20. Bxd6 Qxd6 21.
Qa5 Qc5 22. Qxc5 Rxc5 23. h3 h6 24. a4 Rb8 25. a5 Rb4 26. Rdc1 Rxc1+ 27. Rxc1 Ra4 28.
a6 Nxe4 29. Nxe5 Nd6 30. Rc7 g6 31. Rxa7 Ra1+ 32. Kh2 Ra5 33. f4 Nf5 34. Rc7 1-0

[Event "*** Titled Tuesday Blitz"]
[Site "Chess.com"]
[Date "2018.12.04"]
[Round "5"]
[White "DawidCzerw"]
[Black "akretchetov"]
[Result "0-1"]
[WhiteElo "2240"]
[BlackElo "2378"]
[TimeControl "180+2"]
[EndTime "14:05:38 PST"]
[Termination "akretchetov won on time"]

1. d4 Nf6 2. c4 e6 3. Nf3 d5 4. g3 Bb4+ 5. Bd2 Be7 6. Bg2 O-O 7. O-O c6 8. Bg5 b6 9. Qc2 Ba6 10. Nbd2 Nbd7 11. Rac1 Rc8 12. Bxf6 Nxf6 13. e4 Bb4 14. e5 Nd7 15. Qa4 Bxd2 16. Nxd2 Bxc4 17. Nxc4 b5 18.
Qxa7 bxc4 19. b3 Ra8 20. Qb7 Rxa2 21. bxc4 Nb6 22. c5 Nc4 23. Qxc6 Qa5 24. Rfd1 Nb2 25. Rf1 Nd3 26. Rb1 Nxf2 27. Qb6 Qd2 0-1

[Event "*** Titled Tuesday Blitz"]
[Site "Chess.com"]
[Date "2018.12.04"]
[Round "5"]
[White "Jbd735"]
[Black "FranciscodelaF"]
[Result "1-0"]
[WhiteElo "2526"]
[BlackElo "2344"]
[TimeControl "180+2"]
[EndTime "14:05:40 PST"]
[Termination "Jbd735 won by resignation"]

1. e4 d5 2. exd5 Nf6 3. d4 Bg4 4. f3 Bf5 5. Bb5+ Nbd7 6. Nc3 a6 7.
Ba4 b5 8. Bb3 Nb6 9. Nge2 Nfxd5 10. Nxd5 Nxd5 11. O-O e6 12. Ng3 Bg6 13. Ne4 Be7 14.
c3 O-O 15. Qe2 Re8 16. Bd2 Qd7 17. a4 c6 18. Rfe1 Bf8 19. Kh1 Qc7 20. Qf2 e5 21. axb5 axb5 22. Rxa8 Rxa8 23. dxe5 Qxe5 24. h3 Qc7 25. Qd4 Rd8 26. Ra1 c5 27. Qf2 c4 28.
Bc2 f5 29. Ng5 Bc5 30. Qh4 Qe7 31. Re1 Qf6 32. Re6 Qf8 33. Rxg6 h6 34. Ne6 Be7 35. Qxh6 1-0

[Event "*** Titled Tuesday Blitz"]
[Site "Chess.com"]
[Date "2018.12.04"]
[Round "5"]
[White "OparinGrigoriy"]
[Black "Durarbayli"]
[Result "1-0"]
[WhiteElo "2953"]
[BlackElo "2711"]
[TimeControl "180+2"]
[EndTime "14:05:42 PST"]
[Termination "OparinGrigoriy won on time"]

1. c4 c5 2. Nf3 Nc6 3. d4 cxd4 4. Nxd4 g6 5. Nc3 Bg7 6. e3 Nf6 7. Be2 O-O 8. O-O Nxd4 9. exd4 d5 10. cxd5 Nxd5 11. Bf3 Be6 12. Re1 Nxc3 13. bxc3 Rc8 14. Bg5 h6 15. Bd2 Rc7 16. h4 Bd5 17. h5 g5 18. a4 e6 19. Rb1 b6 20. Qe2 Qa8 21.
Bxd5 Qxd5 22. Rb5 Qa2 23. a5 bxa5 24. Qd3 a4 25. Reb1 a3 26. f4 a6 27. R5b4 a5 28. Rb5 g4 29. Rxa5 Rfc8 30. Kh2 Bf8 31. Rbb5 Qa1 32.
Qe2 1-0

[Event "*** Titled Tuesday Blitz"]
[Site "Chess.com"]
[Date "2018.12.04"]
[Round "5"]
[White "Keaton87"]
[Black "cherryandmint"]
[Result "1-0"]
[WhiteElo "2535"]
[BlackElo "2691"]
[TimeControl "180+2"]
[EndTime "14:05:42 PST"]
[Termination "Keaton87 won by resignation"]

1. Nf3 d5 2. e3 Nf6 3. c4 e6 4.
b3 b6 5. Bb2 Bb7 6. d4 Bd6 7.
Be2 Nbd7 8. O-O Ne4 9. Nbd2 f5 10. Ne5 O-O 11. f3 Nxd2 12. Qxd2 Nxe5 13. dxe5 Bc5 14. b4 Be7 15. Rfd1 Qe8 16. Rac1 c5 17. cxd5 Bxd5 18. Bc4 Bxc4 19. Rxc4 Rd8 20. Qc2 Rxd1+ 21. Qxd1 Qb5 22. Qb3 Rd8 23. bxc5 Qxb3 24. axb3 Rd1+ 25. Kf2 Rd2+ 26.
Kg3 Rxb2 27. c6 Bd8 28. c7 Bxc7 29. Rxc7 Rxb3 30. Rxa7 Rxe3 31. Kf4 Re2 32. Re7 Rxg2 33. Rxe6 Rxh2 34. Rxb6 Rh5 35. e6 Kf8 36. Rb7 h6 37. Rf7+ Ke8 38. Rxg7 Rh3 39. Ke5 Rxf3 40. Kf6 Kd8 41.
Rg8+ Kc7 42. e7 Re3 43. e8=Q Rxe8 44. Rxe8 f4 45. Re4 f3 46. Rf4 f2 47. Rxf2 1-0

[Event "*** Titled Tuesday Blitz"]
[Site "Chess.com"]
[Date "2018.12.04"]
[Round "5"]
[White "MatyChess1"]
[Black "Shahinyan_ChessMood"]
[Result "0-1"]
[WhiteElo "2530"]
[BlackElo "2666"]
[TimeControl "180+2"]
[EndTime "14:05:43 PST"]
[Termination "Shahinyan_ChessMood won by checkmate"]

1. e4 e6 2. Qe2 d5 3. exd5 Qxd5 4. Nc3 Qa5 5. g3 Bd7 6. Bg2 Bc6 7. Nf3 Nd7 8. O-O Ngf6 9. a3 Qh5 10. b4 a6 11.
d3 Bd6 12. Bd2 O-O 13. Rfe1 Rae8 14. h3 e5 15. g4 Nxg4 16. hxg4 Qxg4 17. Red1 f5 18.
Ne1 Qg6 19. Kf1 e4 20. d4 f4 21. d5 f3 22. Qc4 Ne5 23. Qxe4 fxg2+ 24. Qxg2 Ng4 25.
dxc6 Rxf2+ 26. Qxf2 Nxf2 27. Kxf2 Qg3+ 28. Kf1 Rf8+ 29.
Ke2 Rf2# 0-1

[Event "*** Titled Tuesday Blitz"]
[Site "Chess.com"]
[Date "2018.12.04"]
[Round "5"]
[White "AsaHoffmann"]
[Black "ajkom197"]
[Result "1-0"]
[WhiteElo "2177"]
[BlackElo "2381"]
[TimeControl "180+2"]
[EndTime "14:05:45 PST"]
[Termination "AsaHoffmann won on time"]

1. d4 e6 2. e4 d5 3. e5 c5 4. Nf3 Nc6 5. Bd3 a6 6. O-O b5 7. c3 Bb7 8. Be3 cxd4 9. cxd4 Nge7 10. a3 Nc8 11. Nbd2 Nb6 12. b3 Be7 13. g3 O-O 14.
h4 f5 15. exf6 Bxf6 16. Re1 e5 17. dxe5 Nxe5 18. Nxe5 Bxe5 19. Nf3 Bxa1 20. Ng5 h6 21. Ne6 Qd6 22. Nxf8 Rxf8 23. Qxa1 Nd7 24. Qd4 Ne5 25. Be2 Nc6 26. Qb6 d4 27. Bf4 Rxf4 28. gxf4 Bc8 29.
Bf3 Qg6+ 30. Kh2 Bd7 31. Qc5 Qf6 32. Qd5+ Kh8 33. Qxd7 Qxf4+ 34. Kg2 Ne5 35. Rxe5 Qxe5 36. Qd5 1-0

[Event "*** Titled Tuesday Blitz"]
[Site "Chess.com"]
[Date "2018.12.04"]
[Round "5"]
[White "WinnerOleg"]
[Black "nailbeshirli"]
[Result "1-0"]
[WhiteElo "2341"]
[BlackElo "2582"]
[TimeControl "180+2"]
[EndTime "14:05:46 PST"]
[Termination "WinnerOleg won by resignation"]

1. d4 Nf6 2. c4 e6 3. Nf3 Bb4+ 4.
Nbd2 b6 5. g3 Ba6 6. Qc2 c5 7.
Bg2 d5 8. a3 Bxd2+ 9. Nxd2 cxd4 10. cxd5 Nxd5 11. Qa4+ Qd7 12. Qxd4 O-O 13. O-O Bxe2 14.
Re1 Nc6 15. Qh4 Bd3 16. Ne4 Nd4 17. Rd1 Qb5 18. Nd6 Ne2+ 19. Kh1 Qb3 20. Bg5 h6 21. Bxh6 Kh7 22. Rxd3 Qxd3 23. Be4+ Qxe4+ 24. Qxe4+ Kxh6 25. Qxe2 Rad8 26. Ne4 Kh7 27. Ng5+ Kg8 28. Rd1 g6 29. Ne4 Kg7 30. h4 Rh8 31. Ng5 Rhe8 32. Rc1 e5 33.
Qf3 f6 34. Rd1 fxg5 35. Rxd5 1-0

[Event "*** Titled Tuesday Blitz"]
[Site "Chess.com"]
[Date "2018.12.04"]
[Round "5"]
[White "vpantev"]
[Black "burbur555"]
[Result "0-1"]
[WhiteElo "2621"]
[BlackElo "2569"]
[TimeControl "180+2"]
[EndTime "14:05:47 PST"]
[Termination "burbur555 won by resignation"]

1. d4 d5 2. Nf3 c6 3. c4 Nf6 4. Qb3 e6 5. Bf4 Bd6 6. Bg3 Bxg3 7. hxg3 Qb6 8. e3 Nbd7 9. Nc3 O-O 10. Bd3 h6 11. O-O dxc4 12. Bxc4 Qxb3 13. Bxb3 b6 14.
Rfd1 Bb7 15. e4 Rfd8 16. e5 Ne8 17. Na4 Nf8 18. Rac1 Ng6 19. Kf1 Ba6+ 20. Ke1 Ne7 21. Nc3 Rd7 22. g4 Rad8 23. Ne4 Bb7 24. Ba4 Nd5 25. Bxc6 Bxc6 26. Rxc6 Nb4 27. Rc4 a5 28. a3 Nd5 29. g3 Rb7 30. Rdc1 Kf8 31. Rc8 Ke7 32.
Rxd8 Kxd8 33. Ke2 Rb8 34. Kd3 b5 35. Rc6 a4 36. Nc5 b4 37. Nxa4 bxa3 38. bxa3 Rb3+ 39. Ke2 Rxa3 40. Nc5 Nec7 41. Ne4 Nb5 42. Rc5 Nbc3+ 43. Nxc3 Nxc3+ 44. Kf1 Ne4 45. Ne1 Nxc5 46. dxc5 Rc3 47. Ke2 Rxc5 48. Nd3 Rc4 49. f3 g5 50. f4 Kc7 51.
Ke3 Kc6 52. Nf2 Kd5 53. Nh3 Rc3+ 54. Kf2 Rc7 55. Ke3 Rc3+ 56. Kf2 gxf4 57. Nxf4+ 0-1

[Event "*** Titled Tuesday Blitz"]
[Site "Chess.com"]
[Date "2018.12.04"]
[Round "5"]
[White "Hikaru"]
[Black "Alopekos"]
[Result "1-0"]
[WhiteElo "3029"]
[BlackElo "2496"]
[TimeControl "180+2"]
[EndTime "14:05:53 PST"]
[Termination "Hikaru won on time"]

1. d4 Nf6 2. Nf3 e6 3. Bf4 Be7 4. e3 O-O 5. Nbd2 c5 6. Bd3 b6 7. c3 Bb7 8. O-O d6 9. e4 Nc6 10. Re1 cxd4 11. cxd4 e5 12. Be3 Ng4 13. d5 Nxe3 14.
Rxe3 Nb8 15. Rc1 Ba6 16. b4 Bxd3 17. Rxd3 a5 18. a3 axb4 19. axb4 Qd7 20. Rdc3 Na6 21. Qb3 Qb5 22. Rc4 f5 23. Nxe5 fxe4 24. Nxe4 Qxd5 25. Nc6 Bh4 26. Rd1 Qf7 27. Rc3 Qxb3 28. Rxb3 Rae8 29. f3 Nc7 30. g3 Be7 31. Nxe7+ Rxe7 32. Rxd6 b5 33.
Rc3 Ne6 34. Kg2 Ra8 35. Rc2 h6 36. Rd5 Nc7 37. Rdc5 Ra7 38. h4 Kh7 39. h5 Ne6 40.
Rd5 Nc7 41. Rd8 Ne6 42. Rb8 Rad7 43. Rcc8 1-0

[Event "*** Titled Tuesday Blitz"]
[Site "Chess.com"]
[Date "2018.12.04"]
[Round "5"]
[White "Rakhmanov_Aleksandr"]
[Black "theblitzchamp"]
[Result "1-0"]
[WhiteElo "2801"]
[BlackElo "2706"]
[TimeControl "180+2"]
[EndTime "14:05:54 PST"]
[Termination "Rakhmanov_Aleksandr won by checkmate"]

1. c4 Nf6 2. Nc3 d6 3. g3 g6 4.
Bg2 Bg7 5. d3 O-O 6. h3 e5 7. e4 Nc6 8. Nge2 Ne8 9. Be3 f5 10.
Qd2 a6 11. exf5 Bxf5 12. g4 Be6 13. Bd5 Bxd5 14. cxd5 Ne7 15. Ng3 b5 16. a3 Qd7 17.
d4 a5 18. O-O b4 19. axb4 axb4 20. Rxa8 bxc3 21. bxc3 Nxd5 22. dxe5 Qc6 23. Ra3 dxe5 24.
c4 Nf4 25. Bxf4 exf4 26. Ne2 Qxc4 27. Rc1 Qe6 28. Nd4 Qe7 29. Qa2+ Kh8 30. Ne6 Rf7 31.
Nxg7 Kxg7 32. Qa1+ Kh6 33. Re1 Qd7 34. Qe5 Nd6 35. Rd3 Rf8 36. Rd5 Qd8 37. g5+ Kh5 38. Qg7 Rf7 39. Qh6# 1-0

[Event "*** Titled Tuesday Blitz"]
[Site "Chess.com"]
[Date "2018.12.04"]
[Round "5"]
[White "tteshan"]
[Black "Manukyan_Artak"]
[Result "0-1"]
[WhiteElo "2121"]
[BlackElo "2394"]
[TimeControl "180+2"]
[EndTime "14:05:55 PST"]
[Termination "Manukyan_Artak won by resignation"]

1. d4 Nf6 2. c4 d6 3. Nc3 g6 4. e4 Bg7 5. Be2 O-O 6. Bg5 h6 7. Be3 e5 8. d5 c5 9. Qd2 Kh7 10. f3 Na6 11. h4 Nc7 12. g4 Ng8 13. Nh3 a6 14. O-O-O b5 15. cxb5 axb5 16. Kb1 b4 17. Nb5 Nxb5 18. Bxb5 Qa5 19. Bc4 Ba6 20. Bb3 c4 21. Bc2 c3 22. Qc1 cxb2 23. Qxb2 Be2 24. Rd2 Bxf3 25. Rg1 Rfc8 26. Rg3 Rxc2 27. Qxc2 b3 28.
Qxb3 Bxe4+ 29. Kc1 Rc8+ 30. Kd1 Ne7 31. Bb6 Qa6 32.
Rg1 Nxd5 33. Bf2 Rc3 34. Qb2 Rxh3 35. Re1 Nc3+ 36. Kc1 d5 37. g5 Qc4 38. gxh6 Bxh6 0-1

[Event "*** Titled Tuesday Blitz"]
[Site "Chess.com"]
[Date "2018.12.04"]
[Round "5"]
[White "KRASAVCHIK2002"]
[Black "ASVZ"]
[Result "1-0"]
[WhiteElo "2380"]
[BlackElo "2276"]
[TimeControl "180+2"]
[EndTime "14:05:58 PST"]
[Termination "KRASAVCHIK2002 won by checkmate"]

1. e4 e6 2. d4 d5 3. Nc3 Bb4 4. exd5 exd5 5. Bd3 c6 6. a3 Bd6 7. Qf3 Qh4 8. Nge2 Bg4 9. Qe3+ Ne7 10. Qg5 Qxg5 11. Bxg5 f6 12. Bf4 Bxf4 13. Nxf4 g5 14. Nfe2 Nd7 15. f3 Bf5 16. Kd2 Kf7 17. Rae1 Rae8 18.
h4 h5 19. Ng3 Bxd3 20. Kxd3 Kg6 21. hxg5 Kxg5 22. Nd1 h4 23. Ne2 Ng6 24. f4+ Nxf4+ 25. Nxf4 Kxf4 26. Rxe8 Rxe8 27. Rxh4+ Kg3 28. Rh7 Nf8 29.
Rg7+ Kh2 30. Ne3 Ne6 31. Rxb7 Nf4+ 32. Kd2 a5 33. Rf7 Re6 34. Rxf6 Rxf6 35. Ng4+ Kxg2 36.
Nxf6 Kf3 37. Nd7 Ke4 38. c3 Ne6 39. b3 Nc7 40. Nc5+ Kf4 41. a4 Ne8 42. Nb7 Nd6 43.
Nxd6 Kf3 44. Nb7 Ke4 45. Nxa5 c5 46. dxc5 d4 47. cxd4 Kxd4 48. c6 Kc5 49. c7 Kb6 50. c8=Q Ka7 51. Qb7# 1-0

[Event "*** Titled Tuesday Blitz"]
[Site "Chess.com"]
[Date "2018.12.04"]
[Round "5"]
[White "iaraldinho"]
[Black "NateSolon"]
[Result "1-0"]
[WhiteElo "2506"]
[BlackElo "2496"]
[TimeControl "180+2"]
[EndTime "14:05:59 PST"]
[Termination "iaraldinho won by resignation"]

1. e4 c5 2. Nf3 e6 3. d4 cxd4 4. Nxd4 Nc6 5. Nc3 Qc7 6. Nxc6 dxc6 7. Bd3 Nf6 8. O-O e5 9. h3 Be6 10. f4 exf4 11. Bxf4 Bd6 12. Bxd6 Qxd6 13. Ne2 O-O-O 14. Qe1 h5 15. Nf4 Rhe8 16. Qa5 Kb8 17. Nxh5 Nxh5 18.
Qxh5 Qd4+ 19. Kh1 Qxb2 20. Rab1 Qc3 21. a4 Rd4 22. a5 Rb4 23. a6 Rxb1 24. Rxb1 b6 25. Qg5 Ba2 26. Rf1 Qe5 27. Rf5 Qa1+ 28. Kh2 Be6 29. Qg3+ Kc8 30. Rg5 g6 31. Qd6 Bd7 32.
Bc4 Rxe4 33. Bxf7 Re1 34. Qf8+ Kc7 35. Bxg6 Rh1+ 36. Kg3 Qe1+ 37. Qf2 Qe7 38. Qf4+ Kd8 39. Be4 Re1 40. Rg8+ Be8 41. Qb8+ Kd7 42. Bf5+ 1-0

[Event "*** Titled Tuesday Blitz"]
[Site "Chess.com"]
[Date "2018.12.04"]
[Round "5"]
[White "Hydrargyrum_Girl"]
[Black "PelinGorki"]
[Result "0-1"]
[WhiteElo "2526"]
[BlackElo "2516"]
[TimeControl "180+2"]
[EndTime "14:06:01 PST"]
[Termination "PelinGorki won by resignation"]

1. d4 Nf6 2. Nc3 c5 3. dxc5 Na6 4. Nf3 Nxc5 5. Bg5 Nfe4 6. Nxe4 Nxe4 7. Be3 d5 8. c3 e6 9. g3 Be7 10. Bg2 O-O 11.
O-O b5 12. Nd4 Bd7 13. Nb3 a5 14. Bxe4 dxe4 15. Bc5 a4 16. Bxe7 Qxe7 17. Nd4 Rfd8 18. Qc1 e5 19. Nc2 Bh3 20. Rd1 Rxd1+ 21. Qxd1 Rd8 22.
Qc1 Qd6 23. Ne3 Be6 24. a3 f5 25. Qc2 Bb3 26. Qc1 f4 27. Ng2 f3 28. exf3 exf3 29. Ne3 Qd2 30. Ng4 Qe2 31. Qe1 Rd2 32. Nxe5 Rxb2 33.
h4 Ra2 34. Nxf3 Rxa1 35. Qxa1 Qxf3 36. Qe1 h6 37. Qe8+ Kh7 38. h5 Bf7 39. Qe5 Bd5 40.
Kf1 Qd1+ 0-1

[Event "*** Titled Tuesday Blitz"]
[Site "Chess.com"]
[Date "2018.12.04"]
[Round "5"]
[White "jmduque"]
[Black "silverback96"]
[Result "1-0"]
[WhiteElo "2407"]
[BlackElo "2140"]
[TimeControl "180+2"]
[EndTime "14:06:02 PST"]
[Termination "jmduque won by resignation"]

1. e4 e6 2. d4 d5 3. Nd2 Nf6 4. e5 Nfd7 5. Bd3 c5 6. c3 Nc6 7. Ne2 cxd4 8. cxd4 f6 9. exf6 Nxf6 10. O-O Bd6 11. Nf3 O-O 12. Bf4 Bxf4 13. Nxf4 Ne4 14. Qc1 Ng5 15. Nxg5 Qxg5 16. Bxh7+ Kxh7 17. Nxe6 Qxc1 18. Nxf8+ Kg8 19. Raxc1 Kxf8 20. Rfd1 Bf5 21. f3 a5 22. a3 a4 23. Rc5 Be6 24. Rb5 Ra7 25.
Kf2 Ke7 26. Ke3 Na5 27. Kf4 Nc4 28. g4 Kd6 29. h4 Kc6 30. Rc5+ Kd6 31. Rb5 b6 32. Re1 Bd7 33. Rb4 b5 34. Kg5 Nd2 35. Re3 Bc6 36. Kg6 Re7 37. Rxe7 Kxe7 38. Kxg7 Nxf3 39.
h5 Ng5 40. h6 Bd7 41. h7 Nxh7 42. Kxh7 Kf6 43. Kh6 Kf7 44. g5 Kg8 45. g6 Be8 46.
b3 axb3 47. Rxb3 Bd7 48. Rc3 Be8 49. Rc8 Kf8 50. g7+ Kf7 51. Rxe8 1-0

[Event "*** Titled Tuesday Blitz"]
[Site "Chess.com"]
[Date "2018.12.04"]
[Round "5"]
[White "LazyIM"]
[Black "Korchmar_Vasiliy"]
[Result "0-1"]
[WhiteElo "2621"]
[BlackElo "2744"]
[TimeControl "180+2"]
[EndTime "14:06:07 PST"]
[Termination "Korchmar_Vasiliy won by resignation"]

1. e4 c5 2. Nf3 d6 3. d4 cxd4 4. Nxd4 Nf6 5. Nc3 Nc6 6. Bg5 e6 7. Qd2 a6 8. O-O-O h6 9. Bh4 Nxe4 10. Nxe4 Qxh4 11. g4 d5 12. Ng3 Bc5 13. Nb3 Bb6 14. f3 O-O 15. Kb1 a5 16. Bd3 a4 17. Nc1 a3 18. b3 Qf6 19. c3 Qxf3 20. Nh5 e5 21. Be2 Qe3 22. Qc2 d4 23. Rd3 Qg5 24. h4 Qe7 25. Rg3 dxc3 26. g5 Nd4 27. Nf6+ Qxf6 28. gxf6 Nxc2 29. Rxg7+ Kh8 30. Bd3 Rd8 31. Bxc2 Be6 32.
Nd3 Rg8 33. Rxg8+ Rxg8 34. Nxe5 Rg2 35. Rd1 Rd2 36. Re1 Rf2 37. Ng4 Rf4 38. Nxh6 Rxf6 0-1

[Event "*** Titled Tuesday Blitz"]
[Site "Chess.com"]
[Date "2018.12.04"]
[Round "5"]
[White "b_6"]
[Black "ddtru"]
[Result "0-1"]
[WhiteElo "2374"]
[BlackElo "2331"]
[TimeControl "180+2"]
[EndTime "14:06:07 PST"]
[Termination "ddtru won on time"]

1. Nf3 d5 2. g3 Nf6 3. Bg2 c6 4. c4 Bf5 5. Qb3 Qb6 6. d3 Nbd7 7. Qxb6 axb6 8. Nd4 Bg6 9. cxd5 Nxd5 10. Bxd5 cxd5 11. Nc3 e6 12. f4 Bc5 13. Ndb5 O-O 14. e4 dxe4 15. dxe4 Nf6 16. e5 Ng4 17. h3 Nf2 18. Rh2 Nd3+ 19. Kf1 Rfd8 20. a3 Nb4 21.
Rd2 Nc2 22. Ra2 Rxd2 23. Bxd2 Rd8 24. Be1 Bd3+ 25. Ne2 Bxb5 26. b4 Nd4 27. bxc5 bxc5 28. Bf2 Nxe2 29. Kg2 Nd4 30. Rb2 Bc6+ 31. Kf1 b5 0-1

[Event "*** Titled Tuesday Blitz"]
[Site "Chess.com"]
[Date "2018.12.04"]
[Round "5"]
[White "Markov_Mikhail"]
[Black "Kimster98"]
[Result "1-0"]
[WhiteElo "2608"]
[BlackElo "2558"]
[TimeControl "180+2"]
[EndTime "14:06:08 PST"]
[Termination "Markov_Mikhail won by resignation"]

1. c4 e6 2. Nf3 d5 3. g3 Nf6 4.
Bg2 dxc4 5. Qa4+ Bd7 6. Qxc4 c5 7. O-O Bc6 8. b3 Nbd7 9. Rd1 Rc8 10. Bb2 b5 11. Qc2 Bd6 12. d3 O-O 13. Nbd2 a6 14.
Rac1 e5 15. Qb1 Qe7 16. Nf1 Nd5 17. e4 Nc7 18. d4 Bb7 19. dxe5 Nxe5 20. Ne3 Nxf3+ 21.
Bxf3 Be5 22. Nf5 Qe6 23. Rxc5 Bxb2 24. Qxb2 f6 25. Qc1 Na8 26. Nd6 Rxc5 27. Qxc5 Qe7 28. Nxb7 Qxb7 29. Kg2 Qc8 30. Qxc8 Rxc8 31. Rd6 Rc2 32.
Rd8+ Kf7 33. Rxa8 Rxa2 34. b4 Ra4 35. Ra7+ Kf8 36. h4 Kg8 37. h5 h6 38. e5 fxe5 39.
Bd5+ Kf8 40. Rf7+ Ke8 41. Rxg7 Rxb4 42. Rg6 a5 43. Rxh6 Rd4 44. Bc6+ 1-0

[Event "*** Titled Tuesday Blitz"]
[Site "Chess.com"]
[Date "2018.12.04"]
[Round "5"]
[White "51616516516"]
[Black "goodnigth"]
[Result "1-0"]
[WhiteElo "2249"]
[BlackElo "2337"]
[TimeControl "180+2"]
[EndTime "14:06:08 PST"]
[Termination "51616516516 won on time"]

1. b3 a5 2. e4 a4 3. d4 axb3 4. cxb3 e6 5. Nf3 d5 6. e5 c5 7. Bb5+ Bd7 8. Bxd7+ Nxd7 9. O-O Ne7 10. Nc3 Nf5 11. Bg5 Qb6 12. Na4 Qb5 13. dxc5 Bxc5 14. Nxc5 Nxc5 15. Nd4 Nxd4 16. Qxd4 O-O 17. Qg4 Qd3 18. Rfe1 Rfc8 19. Re3 Qg6 20. Qh4 Rxa2 21. Rc1 Qc2 22. Rh3 Nxb3 23. Rf1 h6 24. Bxh6 Qg6 25.
Bg5 1-0

[Event "*** Titled Tuesday Blitz"]
[Site "Chess.com"]
[Date "2018.12.04"]
[Round "5"]
[White "johnathan113"]
[Black "jefferyx"]
[Result "0-1"]
[WhiteElo "2545"]
[BlackElo "2755"]
[TimeControl "180+2"]
[EndTime "14:06:13 PST"]
[Termination "jefferyx won on time"]

1. e4 e5 2. Nf3 Nc6 3. d4 exd4 4. Nxd4 Qf6 5. Nb3 Qg6 6. Nc3 Nf6 7. f3 Bd6 8. g3 Be5 9. Be3 O-O 10. Qd2 d5 11. Nxd5 Bxb2 12. Rb1 Nxd5 13. exd5 Ne5 14. Be2 Ba3 15. O-O Re8 16. Bc5 Bxc5+ 17. Nxc5 b6 18. Ne4 Bf5 19. Qf4 c6 20. c4 cxd5 21. cxd5 Nxf3+ 22. Bxf3 Bxe4 23. Bxe4 Rxe4 24. Qc7 h5 25. d6 Rf8 26. d7 Qg5 27. Rbd1 Re2 28. Rd3 Rd8 29. Rc1 Kh7 30. Rc2 Rxd7 31. Rxd7 Qe3+ 0-1

[Event "*** Titled Tuesday Blitz"]
[Site "Chess.com"]
[Date "2018.12.04"]
[Round "5"]
[White "eldur16"]
[Black "Orest_Vovk"]
[Result "1-0"]
[WhiteElo "2645"]
[BlackElo "2412"]
[TimeControl "180+2"]
[EndTime "14:06:14 PST"]
[Termination "eldur16 won by resignation"]

1. e4 h6 2. d4 g5 3. Nc3 Bg7 4. Be3 c5 5. d5 Bxc3+ 6. bxc3 Qa5 7. Bd2 d6 8. c4 Qa3 9. Bd3 Nf6 10. Ne2 Nbd7 11.
Nc3 Ne5 12. Rb1 a6 13. h4 gxh4 14. Rxh4 Rg8 15. Kf1 b5 16. Rb3 Qa5 17. Nxb5 Qd8 18. Nc3 h5 19. Ne2 a5 20. Nf4 Ba6 21. Qe2 Qd7 22. Nxh5 Nxh5 23. Rxh5 Qa4 24. Bc3 Qxa2 25. Bxe5 dxe5 26. g3 a4 27. Rb6 a3 28. Kg2 Qa1 29. Rh1 Qd4 30. Rb3 Bxc4 31. Bxc4 Ra4 32. Bb5+ Kf8 33. Bxa4 Qxa4 34. Rb8+ Kg7 35. Qg4+ Kf6 36.
Qf5+ 1-0

[Event "*** Titled Tuesday Blitz"]
[Site "Chess.com"]
[Date "2018.12.04"]
[Round "5"]
[White "nochewycandy"]
[Black "Berardino"]
[Result "0-1"]
[WhiteElo "2281"]
[BlackElo "2412"]
[TimeControl "180+2"]
[EndTime "14:06:18 PST"]
[Termination "Berardino won by resignation"]

1. c4 g6 2. g3 Bg7 3. Bg2 Nf6 4. Nc3 O-O 5. d3 e5 6. e4 d6 7. Nge2 Nc6 8. O-O Nd7 9. Rb1 Nc5 10. b4 Ne6 11.
Nd5 Ncd4 12. f4 Nxe2+ 13. Qxe2 c6 14. Ne3 Nd4 15. Qf2 exf4 16. gxf4 f5 17. Bb2 Bd7 18. exf5 Nxf5 19. Nxf5 Bxf5 20. Bxg7 Kxg7 21. Rbd1 Qb6 22. a3 Qxf2+ 23. Rxf2 Rae8 24. d4 Re3 25. b5 cxb5 26.
cxb5 Rf7 27. Rf3 Rxf3 28. Bxf3 Rc7 29. Kf2 Rc2+ 30. Kg1 b6 31. Ra1 Kf6 32. a4 Rb2 33. Bc6 Rb1+ 34. Rxb1 Bxb1 35. Kf2 Bc2 36. Ke3 Bxa4 37.
d5 Bb3 38. h3 g5 39. Ke4 Bc2+ 40.
Kf3 Bf5 41. fxg5+ Kxg5 42. Kg3 Bc8 43. Be8 Kf5 44. Bf7 Ke5 45. Bg8 h6 46. Kh4 Bd7 47.
Kh5 Bxh3 48. Kxh6 Bf1 49. Kg5 Bxb5 50. Kg4 Bc4 0-1

[Event "*** Titled Tuesday Blitz"]
[Site "Chess.com"]
[Date "2018.12.04"]
[Round "5"]
[White "Mikhail_Golubev"]
[Black "NTDVAN"]
[Result "0-1"]
[WhiteElo "2466"]
[BlackElo "2643"]
[TimeControl "180+2"]
[EndTime "14:06:18 PST"]
[Termination "NTDVAN won by checkmate"]

1. e4 c5 2. Nf3 d6 3. d4 cxd4 4. Nxd4 Nf6 5. Nc3 a6 6. Bc4 e6 7. Bb3 Nbd7 8. f4 Nc5 9. O-O Nfxe4 10. Nxe4 Nxe4 11. f5 e5 12. Qh5 Qe7 13. Qf3 Nf6 14. Bg5 h6 15. Bh4 Qc7 16. Bxf6 gxf6 17. Ne2 Bd7 18. Nc3 Qc5+ 19. Kh1 Bc6 20. Nd5 O-O-O 21. c3 h5 22. a4 h4 23. Rad1 h3 24. g3 Bh6 25.
Rfe1 Bg5 26. Re4 Kb8 27. Ba2 Qa7 28. a5 Rc8 29. b4 Bxd5 30. Bxd5 Rc7 31. c4 Rhc8 32.
Rb1 b5 33. axb6 Qxb6 34. Qd3 Ka7 35. c5 dxc5 36. bxc5 Qxc5 37. Rc4 Qf2 38. Rxc7+ Rxc7 39. Bc4 Qg2# 0-1